 Dungeon Crawl Stone Soup version 0.19-a0-1686-g35356ef (webtiles) character file.

153 Amnesiac the Cudgeler (level 5, -4/57 HPs)
             Began as an Ogre Monk on Sept 25, 2016.
             Slain by Grinder (5 damage)
             ... on level 4 of the Dungeon.
             The game lasted 00:02:05 (1023 turns).

Amnesiac the Cudgeler (Ogre Monk)                   Turns: 1023, Time: 00:02:06

Health: -4/57      AC:  5    Str: 16    XL:     5   Next: 35%
Magic:  5/5        EV: 11    Int:  9    God:
Gold:   58         SH:  0    Dex: 13    Spells: 0 memorised, 4 levels left

rFire  . . .     SeeInvis .     a - +0 mace
rCold  . . .     Gourm    .     b - +0 robe
rNeg   . . .     Faith    .     (no shield)
rPois  .         Spirit   .     (helmet restricted)
rElec  .         Dismiss  .     g - +0 cloak (curse)
rCorr  .         Reflect  .     (gloves unavailable)
MR     .....     Harm     .     (boots unavailable)
Stlth  +.........               (no amulet)
                                (no ring)
                                i - ring of loudness (curse)

@: no status effects
A: unfitting armour, tough skin 1
a: no special abilities


You were on level 4 of the Dungeon.
You were hungry.

You visited 1 branch of the dungeon, and saw 4 of its levels.

You collected 58 gold pieces.

Inventory:

Hand Weapons
 a - a +0 mace (weapon)
Armour
 b - a +0 robe (worn)
 g - a cursed +0 cloak (worn)
Jewellery
 i - a cursed ring of loudness (left hand)
Scrolls
 h - a scroll of identify {unknown}
 k - a scroll of noise {unknown}
 m - a scroll of remove curse {unknown}
 p - a scroll of magic mapping {unknown}
Potions
 d - a potion of magic {unknown}
 e - 2 potions of curing
 j - a potion of ambrosia {unknown}
 l - 2 potions of beneficial mutation {unknown}
 n - a potion of invisibility {unknown}
Comestibles
 c - 3 bread rations
 f - a meat ration
 o - a chunk of flesh


   Skills:
 + Level 5.2 Fighting
 * Level 6.1 Maces & Flails
 + Level 3.4 Dodging
 - Level 1.5 Stealth


You had 4 spell levels left.
You didn't know any spells.

Dungeon Overview and Level Annotations

Branches:
Dungeon (4/15)
 Temple: D:4-7

Altars:

Annotations:
D:2 Sigmund
D:4 Grinder


Innate Abilities, Weirdness & Mutations

You are too large for most types of armour.
You have tough skin. (AC +1)


Message History

You have reached level 5!
Grinder blinks!
It was a potion of curing.
You feel better.
You hit Grinder.
Grinder is lightly wounded.
Grinder barely misses you.
You closely miss Grinder.
Grinder is lightly wounded.
Grinder gestures at you. Pain shoots through your body!
* * * LOW HITPOINT WARNING * * *
You hit Grinder.
Grinder is moderately wounded.
Grinder misses you.
You barely miss Grinder.
Grinder is moderately wounded.
Grinder barely misses you. Grinder hits you!
* * * LOW HITPOINT WARNING * * *
You writhe in agony.
You die...

##### ##...#
###....##
##.......#
###........#
#..........## .
$......@....# ..
.......5)...# #...
............#.....
..................
.............)#..
.............#....
............#.....
..........##....#
.......#### ...##


You could see Grinder.

Vanquished Creatures
  An ogre (D:4)
  Ijyb (D:2)
  An adder (D:3)
  2 dart slugs
  A leopard gecko (D:1)
  A ball python (D:1)
  2 giant cockroaches
  A goblin (D:1)
  3 hobgoblins
  5 jackals
  4 kobolds
  A bat (D:1)
  4 frilled lizards
  4 rats
31 creatures vanquished.

Notes
Turn   | Place    | Note
-------+----------+-------------------------------------------
     0 | D:1      | Amnesiac the Ogre Monk began the quest for the Orb.
     0 | D:1      | Reached XP level 1. HP: 24/24 MP: 1/1
    66 | D:2      | Noticed Sigmund
   208 | D:1      | Reached XP level 2. HP: 31/32 MP: 2/2
   549 | D:3      | Reached XP level 3. HP: 34/40 MP: 3/3
   630 | D:2      | Noticed Ijyb
   639 | D:2      | Killed Ijyb
   639 | D:2      | Reached skill level 5 in Maces & Flails
   913 | D:3      | Reached XP level 4. HP: 47/49 MP: 4/4
  1005 | D:4      | Noticed Grinder
  1006 | D:4      | Noticed an ogre
  1006 | D:4      | Paralysed by Grinder for 2 turns
  1015 | D:4      | HP: 2/49 [ogre/giant club (15)]
  1018 | D:4      | Killed an ogre
  1018 | D:4      | Reached skill level 5 in Fighting
  1018 | D:4      | Reached skill level 6 in Maces & Flails
  1018 | D:4      | Reached XP level 5. HP: 3/57 MP: 5/5
  1023 | D:4      | HP: 1/57 [Grinder (11)]
  1023 | D:4      | Slain by Grinder

Vault maps used:
D:1:      lightli_arrival_lavapool
D:2:      wad_pebble_path, tso_oasis_becter, uniq_iyjb, uniq_sigmund, uniq_robin
D:3:      minmay_wonky_spiral, first_bread, uniq_purgy
D:4:      trog_hazing_becter, uniq_grinder, uniq_eustachio

Skill      XL: |  1  2  3  4 |
---------------+-------------+-----
Dodging        | 3 |  3.4
Maces & Flails | 5 6 |  6.1
Fighting       | 5 |  5.2
Stealth        | |  1.5

Action                   |  1- 3 |  4- 6 || total
-------------------------+-------+-------++-------
Melee: Mace              |    96 |    14 ||   110
  Use: Potion            |       |     1 ||     1
Armor: Robe              |    25 |       ||    25
Dodge: Dodged            |    58 |     5 ||    63
